 Dungeon Crawl Stone Soup version 0.28.0-53-g5a82cb258f (console) character file.

Game seed: 10268719928944315527

1509 erker the Digger (level 8, -9/46 HPs)
             Began as an Octopode Earth Elementalist on July 6, 2022.
             Was a Follower of Cheibriados.
             Mangled by an orc warrior
             ... wielding a +0 halberd
              (12 damage)
             ... on level 6 of the Dungeon.
             The game lasted 00:39:56 (5761 turns).

erker the Digger (Octopode Earth Elementalist)      Turns: 5761, Time: 00:39:57

Health: -9/46      AC:  1    Str:  9    XL:     8   Next: 82%
Magic:  2/13       EV: 13    Int: 22    God:    Cheibriados [*.....]
Gold:   207        SH:  3    Dex: 14    Spells: 4/14 levels left

rFire   . . .      SeeInvis .   a - +0 dagger
rCold   . . .      Faith    .   u - +0 buckler
rNeg    . . .      Spirit   .   (helmet restricted)
rPois   .          Reflect  .   (no amulet)
rElec   .          Harm     .   f - ring of wizardry
rCorr   .          Rampage  .   (no ring)
Will    .....                   (no ring)
Stlth   ++++......              (no ring)
HPRegen 0.15/turn               (no ring)
MPRegen 0.13/turn               (no ring)
                                (no ring)
                                (no ring)

@: very slow
A: almost no armour, amphibious, 8 rings, camouflage 1, gelatinous body 1,
(nimble swimmer 1), tentacles
a: Renounce Religion, Bend Time


You were on level 6 of the Dungeon.
You worshipped Cheibriados.
Cheibriados was aware of your devotion.
You visited 1 branch of the dungeon, and saw 6 of its levels.

You collected 207 gold pieces.

Inventory:

Hand Weapons
 a - a +0 dagger (weapon)
 b - the +7 Singing Sword {vorpal, sonic wave}
   (You found it on level 4 of the Dungeon)

   It inflicts extra damage upon your enemies.
   It radiates damaging sonic waves as it strikes, especially in combat
   involving dangerous or numerous foes.
 k - a +0 hunting sling
 s - a +0 short sword of flaming
Missiles
 c - 36 bolts
 g - 37 sling bullets
 o - 112 arrows
 q - 7 poisoned darts (quivered)
 t - 138 stones
 A - a throwing net
Armour
 p - a +0 buckler
 u - a +0 buckler (worn)
Jewellery
 f - a ring of wizardry (left tentacle)
Scrolls
 e - a scroll of magic mapping {unknown}
 h - 3 scrolls of enchant weapon {unknown}
 j - 2 scrolls of fear {unknown}
 n - 2 scrolls of identify {unknown}
 r - 2 scrolls of holy word
 v - a scroll of immolation {unknown}
 y - a scroll of noise {unknown}
 B - a scroll of blinking {unknown}
Potions
 d - 3 potions of invisibility {unknown}
 i - 4 potions of curing {unknown}
 l - a potion of might
 m - a potion of flight {unknown}
 w - a potion of lignification {unknown}
 x - a potion of mutation {unknown}
 z - a potion of resistance {unknown}


   Skills:
 - Level 4.0 Short Blades
 - Level 2.0 Dodging
 - Level 4.0 Stealth
 + Level 3.5 Spellcasting
 - Level 4.0 Summonings
 - Level 6.0 Transmutations
 - Level 6.0 Earth Magic


You had 4 spell levels left.
You knew the following spells:

 Your Spells              Type           Power      Damage    Failure   Level
a - Sandblast             Erth           60%        2d14      1%          1
d - Call Canine Familiar  Summ           21%        N/A       4%          3
p - Petrify               Tmut/Erth      30%        N/A       6%          4
w - Passwall              Tmut/Erth      25%        N/A       1%          2

Your spell library contained the following spells:

 Spells                   Type           Power      Damage    Failure   Level
 Stone Arrow              Conj/Erth      34%        3d9       6%          3
 Gell's Gravitas          Tloc           3%         N/A       19%         3
 Portal Projectile        Hex/Tloc       6%         N/A       19%         3
 Teleport Other           Tloc           3%         N/A       19%         3
 Tukima's Dance           Hex            3%         N/A       19%         3
 Leda's Liquefaction      Hex/Erth       8%         N/A       19%         4
 Passage of Golubria      Tloc           3%         N/A       52%         4
 Yara's Violent Unravell  Hex/Tmut       8%         3d5       45%         5
 Dispersal                Tloc           1%         N/A       100%        6
 Lehudib's Crystal Spear  Conj/Erth      8%         10d4      100%        8
 Animate Armour           Summ/Erth      Unusable   N/A       N/A         4

Dungeon Overview and Level Annotations

Branches:
Dungeon (6/15)
 Temple: D:4-7

Altars:
Cheibriados
Hepliaklqana

Annotations:
D:3 exclusion: steam dragon
D:6 Grinder


Innate Abilities, Weirdness & Mutations

You cannot wear most types of armour.
You are amphibious.
You can wear up to eight rings at the same time.
Your skin changes colour to match your surroundings (Stealth+).
Your rubbery body absorbs attacks. (AC +1, EV +1)
((You are camouflaged when in or above water. (Stealth+)))
You have tentacles for arms and can constrict up to eight enemies at once.


Message History

The orc warrior closely misses your hound.
Your hound bites the orc.
The orc closely misses your hound.
The orc warrior barely misses your hound.
Your hound closely misses the orc.
The orc hits your hound but does no damage.
Your hound closely misses the orc.
The orc misses your hound.
Your hound bites the orc.
The orc dies!
Cheibriados appreciates the change of pace.
Your hound bites the orc warrior but does no damage.
The orc warrior closely misses your hound.
Your hound barely misses the orc warrior.
Casting: Call Canine Familiar (dangerous; 4% risk of failure)
Confirm with . or Enter, or press ? or * to list all spells.
Aiming: Sandblast (safe; 1% risk of failure)
Press: ? - help, Shift-Dir - straight line, f - orc warrior
Aim: an orc warrior, wielding a +0 halberd and wearing a +0 chain mail (ally target, 80% to hit)
Okay, then.
Unknown command.
Unknown command.
Unknown command.
Unknown command.
Casting: Sandblast (safe; 1% risk of failure)
Confirm with . or Enter, or press ? or * to list all spells.
Aiming: Passwall (safe; 1% risk of failure)
Press: ? - help, Dir - move target A rock wall.
Your hound closely misses the orc warrior.
You begin to meditate on the wall.
You continue meditating on the rock.
Your hound bites the orc warrior but does no damage.
The orc warrior hits you from afar with a +0 halberd!
You continue meditating on the rock.
Your hound bites the orc warrior.
The orc warrior hits you from afar with a +0 halberd!!
* * * LOW HITPOINT WARNING * * *
You continue meditating on the rock.
Your hound barely misses the orc warrior.
Your hound closely misses the orc warrior.
The orc warrior hits you from afar with a +0 halberd!
You die...

######.....#.# #####.#.##
#.>..## ##.#..# #.##.####
.#######.##.....
.........####### ##
#############...#####
.....##....@## #.#.....##
..!..........## #.>#####..#
..........o...# #.## ##..
..........h...# #^ ##.
..............# ... #..
..........)...##.#########..
............................
.................#######.#..
(.....<........### ##.#..


You could see an orc warrior (ally target) and a friendly hound (summoned).

Vanquished Creatures
  Prince Ribbit (D:5)
  Menkaure (D:4)
  Duvessa (D:5)
  2 ice beasts
  An ogre (D:4)
  A necrophage (D:5)
  A phantom (D:6)
  2 scorpions
  Dowan (D:5)
  A bullfrog zombie (D:6)
  A centaur zombie (D:5)
  4 hounds
  A centaur skeleton (D:5)
  A bullfrog skeleton (D:5)
  2 iguanas (D:5)
  An orc wizard (D:5)
  A killer bee zombie (D:6)
  2 hound skeletons
  4 adders
  A white imp (D:5)
  3 worms
  3 dart slugs
  12 orcs
  7 ball pythons
  11 bats
  7 endoplasms
  A giant cockroach (D:1)
  4 goblins
  9 hobgoblins
  5 jackals
  2 quokkas
  3 frilled lizards
  3 kobolds
  4 rats
104 creatures vanquished.

Vanquished Creatures (collateral kills)
  An orc (D:6)
1 creature vanquished.

Grand Total: 105 creatures vanquished

Notes
Turn   | Place    | Note
-------+----------+-------------------------------------------
     0 | D:1      | erker the Octopode Earth Elementalist began the quest for
                  | the Orb.
     0 | D:1      | Reached XP level 1. HP: 11/11 MP: 3/3
   198 | D:1      | Reached XP level 2. HP: 17/17 MP: 5/5
   325 | D:1      | Reached skill level 1 in Short Blades
   336 | D:1      | Reached XP level 3. HP: 10/21 MP: 1/6
  1306 | D:2      | Learned a level 2 spell: Passwall
  1600 | D:2      | Reached XP level 4. HP: 27/27 MP: 7/7
  2176 | D:3      | Found a faded altar of an unknown god.
  2481 | D:3      | Noticed a steam dragon
  3009 | D:4      | Noticed an ogre
  3028 | D:4      | Killed an ogre
  3029 | D:4      | Reached XP level 5. HP: 31/31 MP: 3/8
  3169 | D:4      | Noticed an ice beast
  3580 | D:4      | Reached XP level 6. HP: 36/36 MP: 4/9
  3604 | D:4      | Found the +7 Singing Sword {vorpal, sonic wave}
  3829 | D:4      | Noticed Menkaure
  4057 | D:5      | Entered Level 5 of the Dungeon
  4061 | D:5      | Found a snail-covered altar of Cheibriados.
  4061 | D:5      | Noticed a necrophage
  4076 | D:5      | Found a hazy altar of Hepliaklqana.
  4121 | D:5      | Became a worshipper of Cheibriados the Contemplative
  4126 | D:5      | Killed a necrophage
  4154 | D:5      | Reached XP level 7. HP: 40/41 MP: 10/10
  4159 | D:5      | Reached skill level 5 in Earth Magic
  4172 | D:5      | Learned a level 4 spell: Petrify
  4398 | D:5      | Learned a level 3 spell: Call Canine Familiar
  4424 | D:5      | Noticed Dowan
  4445 | D:5      | Killed Dowan
  4446 | D:5      | Reached skill level 1 in Summonings
  4579 | D:4      | Reached XP level 8. HP: 33/46 MP: 8/11
  4593 | D:4      | Killed Menkaure
  4786 | D:5      | Noticed Duvessa
  4830 | D:5      | Killed Duvessa
  4935 | D:5      | Noticed Prince Ribbit
  5102 | D:6      | Reached * piety under Cheibriados
  5103 | D:6      | Reached skill level 5 in Transmutations
  5178 | D:6      | Noticed Grinder
  5591 | D:5      | Killed Prince Ribbit
  5761 | D:6      | Mangled by an orc warrior

Illustrated notes

Levels and vault maps discovered:
D:1:      mrwooster_arrival_statue_2, layout_loops_corners
D:2:      layout_basic
D:3:      layout_loops_ring, ebering_ecumenical_altar_box
D:4:      old_forge, layout_cave_pools, chequers_serial_rivers_large_a,
          uniq_menkaure
D:5:      layout_rooms, mainiacjoe_overflow_tiny_flanked, cheibriados_altar_1,
          uniq_prince_ribbit1, uniq_duvessa
D:6:      layout_rooms, wad_floor_pattern_untrapped, nicolae_figureground_pulse,
          uniq_grinder

Skill      XL: |  1  2  3  4  5  6  7  8 |
---------------+-------------------------+-----
Stealth        | 3 4 |  4.0
Short Blades   | 1 2 3 4 |  4.0
Earth Magic    | 4 6 |  6.0
Transmutations | 3 4 6 |  6.0
Summonings     | 2 4 |  4.0
Spellcasting   | 3 |  3.5
Dodging        | |  2.0

Action                   |  1- 3 |  4- 6 |  7- 9 || total
-------------------------+-------+-------+-------++-------
Melee: Unarmed           |     5 |       |       ||     5
       Short sword       |    38 |    32 |       ||    70
       Constrict         |     9 |    13 |     5 ||    27
       Tentacles         |     5 |    10 |     7 ||    22
       Dagger            |       |    12 |    18 ||    30
       Double sword      |       |     7 |    21 ||    28
       Punch             |       |     1 |       ||     1
Throw: Dart              |       |     4 |     1 ||     5
 Cast: Sandblast         |    15 |    16 |     4 ||    35
       Passwall          |     1 |     2 |    11 ||    14
       Petrify           |       |       |    10 ||    10
       Call Canine Famil |       |       |     5 ||     5
  Use: Scroll            |       |       |     1 ||     1
 Stab: Sleeping          |    13 |     9 |     6 ||    28
       Distracted        |       |     1 |       ||     1
       Petrified         |       |       |    15 ||    15
Armor: Skin              |     2 |    10 |     4 ||    16
Dodge: Dodged            |    19 |    19 |    18 ||    56
Block: Buckler           |       |     9 |     7 ||    16
